 Dungeon Crawl Stone Soup version 0.28.0-53-g5a82cb258f (webtiles) character file.

Game seed: 59675505019112312

80 KanedaJD the Chopper (level 4, 0/35 HPs)
             Began as a Human Berserker on July 1, 2022.
             Was a Believer of Trog.
             Slain by a gnoll
             ... wielding a +0 club
              (2 damage)
             ... on level 3 of the Dungeon.
             The game lasted 00:23:05 (2401 turns).

KanedaJD the Chopper (Human Berserker)              Turns: 2401, Time: 00:23:06

Health: 0/35       AC:  8    Str: 19    XL:     4   Next: 65%
Magic:  4/4        EV:  8    Int:  7    God:    Trog [**....]
Gold:   54         SH:  0    Dex: 13    Spells: 3/3 levels left

rFire   . . .      SeeInvis .   z - +0 war axe
rCold   . . .      Faith    .   (no shield)
rNeg    . . .      Spirit   .   g - +0 chain mail
rPois   .          Reflect  .   (no helmet)
rElec   .          Harm     .   (no cloak)
rCorr   .          Rampage  .   (no gloves)
Will    .....                   (no boots)
Stlth   ..........              (no amulet)
HPRegen 0.11/turn               (no ring)
MPRegen 0.09/turn               (no ring)

@: lethally poisoned (0 -> -25)
A: no striking features
a: Renounce Religion, Berserk, Trog's Hand


You were on level 3 of the Dungeon.
You worshipped Trog.
Trog was pleased with you.
You visited 1 branch of the dungeon, and saw 3 of its levels.

You collected 54 gold pieces.

Inventory:

Hand Weapons
 a - a +1 hand axe
 d - a +0 club
 f - a +0 dagger
 h - a +0 spear
 j - a +0 dagger of freezing
 k - a +0 spear
 p - a +0 spear
 r - a +0 dagger
 t - a +0 dagger
 u - a +0 dagger
 v - a +0 long sword
 w - a +0 dagger
 x - a +0 flail
 y - a +0 short sword
 z - a +0 war axe (weapon)
Missiles
 c - 58 stones (quivered)
 e - 15 arrows
 l - 22 bolts
 q - 13 sling bullets
Armour
 b - a +0 animal skin
 g - a +0 chain mail (worn)
 m - a +0 ring mail
 o - a +0 ring mail
 B - a +0 chain mail
Scrolls
 A - a scroll of fog
Potions
 i - 5 potions of curing
 s - a potion of ambrosia


   Skills:
 + Level 3.5 Fighting
 + Level 4.3 Axes
 + Level 2.4 Armour
 + Level 2.1 Dodging
 + Level 0.1 Stealth


You had 3 spell levels left.
You didn't know any spells.
Your spell library was empty.

Dungeon Overview and Level Annotations

Branches:
Dungeon (3/15)

Altars:


Message History

A rat comes into view.
You slash the rat!
You kill the rat!
Trog accepts your kill.
A dart slug comes into view.
The dart slug launches a dart at you. The slug dart hits you.
The dart slug launches a dart at you. The slug dart hits you.
You hit the dart slug.
The dart slug is lightly wounded.
The dart slug bites you but does no damage.
You slash the dart slug! You punch the dart slug.
You kill the dart slug!
Trog accepts your kill.
Found a chain mail.
You see here a +0 chain mail.
B - a +0 chain mail You drop a +0 ring mail. 3 gnolls come into view.
A gnoll is wielding a +1 halberd of venom.
The gnoll shouts!
The gnoll hits you with a +0 flail.
You hit the gnoll.
The gnoll is moderately wounded.
The gnoll closely misses you. The gnoll barely misses you.
You hit the gnoll but do no damage. You hit the gnoll.
The gnoll hits you from afar with a +1 halberd of venom.
The gnoll hits you but does no damage. The gnoll barely misses you.
You hit the gnoll but do no damage. You barely miss the gnoll.
The gnoll hits you from afar with a +1 halberd of venom.
You are poisoned.
The gnoll barely misses you. The gnoll hits you with a +0 club.
You hit the gnoll but do no damage. x2
You feel very sick.
The gnoll hits you from afar with a +1 halberd of venom!
* * * LOW HITPOINT WARNING * * *
You are more poisoned.
The gnoll barely misses you. The gnoll hits you with a +0 club.
You die...

..# #.# ## #.# .#
#.# .# #.#
.########.#
.......##.########
.#####.........g@#
.# ####[.#####g#
.. #..# #.g. ##.
#..# ##.... #..#
...... #... ......
#.#.# ...... #.#.#
...... ..#.#


You could see 3 gnolls.

Vanquished Creatures
  A gnoll (D:1)
  An adder (D:3)
  3 dart slugs
  4 orcs (D:3)
  4 ball pythons
  4 bats
  6 endoplasms (D:2)
  2 giant cockroaches
  3 hobgoblins
  3 jackals (D:1)
  6 kobolds
  2 quokkas
  5 frilled lizards
  A goblin (D:2)
  5 rats
50 creatures vanquished.

Vanquished Creatures (others)
  3 plants (D:2)
3 creatures vanquished.

Grand Total: 53 creatures vanquished

Notes
Turn   | Place    | Note
-------+----------+-------------------------------------------
     0 | D:1      | KanedaJD the Human Berserker began the quest for the Orb.
     0 | D:1      | Reached XP level 1. HP: 18/18 MP: 1/1
   142 | D:1      | Reached XP level 2. HP: 12/24 MP: 2/2
   540 | D:1      | Reached XP level 3. HP: 7/29 MP: 3/3
  1320 | D:2      | Reached ** piety under Trog
  1972 | D:2      | Reached XP level 4. HP: 35/35 MP: 4/4
  2076 | D:2      | Found a faded altar of an unknown god.
  2173 | D:3      | Reached skill level 4 in Axes
  2401 | D:3      | Slain by a gnoll

Illustrated notes

Levels and vault maps discovered:
D:1:      dpeg_arrival_rhombi, layout_loops_ring
D:2:      layout_loops_ring, hellmonk_ecumenical_altar_leap_of_faith,
          serial_bayou_pond_d, minivault_27
D:3:      kennysheep_goblin_castle, layout_rooms

Skill      XL: |  1  2  3  4 |
---------------+-------------+-----
Axes           | 4 |  4.3
Fighting       | |  3.5
Armour         | |  2.4
Dodging        | |  2.1
Stealth        | |  0.1

Action                   |  1- 3 |  4- 6 || total
-------------------------+-------+-------++-------
Melee: Hand axe          |   119 |    25 ||   144
       Punch             |     1 |     1 ||     2
       War axe           |       |    16 ||    16
  Use: Scroll            |     4 |     1 ||     5
       Potion            |     3 |       ||     3
Armor: Animal skin       |    10 |       ||    10
       Chain mail        |    26 |    22 ||    48
Dodge: Dodged            |    60 |    12 ||    72
